 Dungeon Crawl Stone Soup version 0.29.1-2-gbd0b4ee654 (webtiles) character file.

Game seed: 1098199712346758400

2815 funnyparkerb the Carver (level 9, -20/72 HPs)
             Began as a Merfolk Gladiator on Nov 16, 2022.
             Was a Priest of Okawaru.
             Demolished by a boulder beetle (39 damage)
             ... on level 7 of the Dungeon.
             The game lasted 00:12:13 (6552 turns).

funnyparkerb the Carver (Merfolk Gladiator)         Turns: 6552, Time: 00:12:13

Health: -20/72     AC: 13    Str: 14    XL:     9   Next: 72%
Magic:  9/10       EV: 17    Int:  8    God:    Okawaru [***...]
Gold:   231        SH:  0    Dex: 19    Spells: 8/8 levels left

rFire   . . .      SeeInvis .   a - +0 long sword
rCold   . . .      Faith    .   (no shield)
rNeg    . . .      Spirit   .   q - +0 scale mail
rPois   +          Reflect  .   c - +0 helmet
rElec   .          Harm     .   A - +2 cloak {rPois}
rCorr   .          Rampage  .   (no gloves)
Will    .....                   h - +0 pair of boots
Stlth   ++........              (no amulet)
HPRegen 0.22/turn               v - +4 ring of slaying
MPRegen 0.12/turn               p - ring of wizardry

@: mighty, heroic
A: (nimble swimmer 2), mertail
a: Renounce Religion, Heroism


You were on level 7 of the Dungeon.
You worshipped Okawaru.
Okawaru was most pleased with you.
You visited 2 branches of the dungeon, and saw 8 of its levels.

You collected 341 gold pieces.
You spent 110 gold pieces at shops.

Inventory:

Hand Weapons
 a - a +0 long sword (weapon)
Missiles
 d - a throwing net (quivered)
Armour
 c - a +0 helmet (worn)
 h - a +0 pair of boots (worn)
 q - a +0 scale mail (worn)
 y - a +0 chain mail
 A - a +2 cloak of poison resistance (worn)
Jewellery
 p - a ring of wizardry (right hand)
 v - a +4 ring of slaying (left hand)
Wands
 e - a wand of polymorph (9)
Scrolls
 f - 4 scrolls of teleportation
 g - a scroll of fear {unknown}
 m - 2 scrolls of enchant armour
 n - 3 scrolls of amnesia
 r - a scroll of magic mapping {unknown}
 t - a scroll of vulnerability {unknown}
 u - a scroll of noise {unknown}
 w - 2 scrolls of enchant weapon
 x - a scroll of poison {unknown}
 E - a scroll of immolation {unknown}
 G - a scroll of butterflies {unknown}
Potions
 b - a potion of mutation {unknown}
 i - 5 potions of brilliance {unknown}
 j - 2 potions of flight {unknown}
 k - 6 potions of curing
 l - a potion of ambrosia {unknown}
 o - 2 potions of degeneration {unknown}
 s - a potion of resistance {unknown}
 z - a potion of haste
 B - a potion of cancellation {unknown}
 F - a potion of lignification {unknown}


   Skills:
 + Level 7.2(12.2) Fighting
 + Level 11.0(16.0) Long Blades
 - Level 2.0(7.0) Throwing
 + Level 1.8(6.8) Armour
 + Level 9.2(14.2) Dodging
 + Level 2.5 Invocations


You had 8 spell levels left.
You didn't know any spells.
Your spell library contained the following spells:

 Spells                   Type           Power      Damage    Failure   Level
 Necrotise                Necr           0%         1d4       50%         1
 Sting                    Tmut/Pois      0%         1d3       50%         1
 Blink                    Tloc           0%         N/A       65%         2
 Poisonous Vapours        Pois/Air       0%         N/A       65%         2
 Sublimation of Blood     Necr           0%         N/A       65%         2
 Wereblood                Tmut           0%         N/A       65%         2
 Conjure Flame            Conj/Fire      0%         6-21      86%         3
 Ignite Poison            Fire/Tmut/Pois 0%         N/A       86%         3
 Lesser Beckoning         Tloc           0%         N/A       86%         3
 Ozocubu's Armour         Ice            0%         N/A       86%         3
 Vampiric Draining        Necr           0%         2d6       86%         3
 Olgreb's Toxic Radiance  Pois           0%         N/A       99%         4
 Sticky Flame             Conj/Fire      0%         2d3       99%         4
 Agony                    Necr           0%         N/A       100%        5
 Manifold Assault         Tloc           0%         N/A       100%        5
 Ozocubu's Refrigeration  Ice            0%         4d7       100%        7
 Chain Lightning          Conj/Air       0%         N/A       100%        9
 Fire Storm               Conj/Fire      0%         5d1       100%        9
 Shatter                  Erth           0%         3d5*      100%        9
 Summon Hydra             Summ           Unusable   N/A       N/A         7

Dungeon Overview and Level Annotations

Branches:
Dungeon (7/15)             Temple (1/1) D:4

Altars:
Dithmenos
Fedhas
Hepliaklqana
Nemelex Xobeh
Okawaru
Qazlal
Ru
Sif Muna
Uskayaw
Wu Jian
Xom

Shops:
D:5 !


Innate Abilities, Weirdness & Mutations

((You are very nimble when in or above water. (Stealth+, EV+, Speed+++)))
Your lower body shifts to a powerful aquatic tail in water.


Message History

The puff of frost hits you.
You hit the boulder beetle but do no damage.
The boulder beetle bites you!!
You completely miss the boulder beetle.
The white imp hits you but does no damage.
You slice the boulder beetle!!
The boulder beetle is moderately wounded.
The boulder beetle misses you. The white imp misses you.
You hit the boulder beetle.
The boulder beetle is moderately wounded.
The boulder beetle barely misses you.
You hit the boulder beetle but do no damage.
The boulder beetle is moderately wounded.
The white imp barely misses you. The boulder beetle closely misses you.
You slash the boulder beetle!
The boulder beetle is heavily wounded.
The white imp shouts, "Remove thy stench, thou clouted weevil-witted hedge-pig!"
The white imp hits you. The white imp freezes you.
You slice the boulder beetle!!
The boulder beetle is severely wounded.
The boulder beetle bites you!!
* * * LOW HITPOINT WARNING * * *
You slice the boulder beetle!!
The boulder beetle is almost dead.
The white imp hits you but does no damage.
The boulder beetle misses you.
You feel better.
The white imp hits you but does no damage.
The boulder beetle leaps!
You hit the white imp but do no damage.
The white imp is heavily wounded.
The white imp hits you but does no damage.
You slash the white imp!
You kill the white imp!
Okawaru accepts your kill.
You feel very mighty all of a sudden.
The boulder beetle curls into a ball and begins rolling!
The boulder beetle hits you!!!
Ouch! That really hurt!
You die...

#.....#.# .
###+###.....#.#
#...........#.#
#.............####
+..8.....###.....##
#........# #.......
#.......## #.......
###'##### #.......
#@..# #......#
#.B...# ###......#
#.:○..# #........#
#.....# #...)....#
##.(.## #..##<.#..
#########..##>)#.#
........)......
..............#
........##...##


You could see a boulder beetle (rolling).

Vanquished Creatures
  A two-headed ogre (D:5)
  A troll (D:6)
  Sigmund (D:3)
  A water moccasin (D:6)
  A black bear (D:4)
  An ice beast (D:5)
  A sky beast (D:6)
  An ogre (D:5)
  A centaur (D:5)
  A phantom (D:5)
  2 bullfrogs (D:6)
  A gnoll sergeant (D:6)
  A necrophage (D:5)
  2 scorpions (D:5)
  4 wights
  A howler monkey (D:6)
  2 hounds
  A jelly (D:4)
  Crazy Yiuf (D:3)
  An orc priest (D:3)
  3 iguanas
  3 orc wizards
  14 gnolls
  7 adders
  2 river rats (D:5)
  A white imp (D:7)
  An ufetubus (D:4)
  3 worms (D:5)
  2 dart slugs
  16 orcs
  A ball python (D:1)
  3 endoplasms
  2 giant cockroaches
  7 goblins
  5 hobgoblins
  3 jackals (D:3)
  8 kobolds
  7 quokkas
  A bat (D:2)
  5 frilled lizards
  6 rats
126 creatures vanquished.

Vanquished Creatures (others)
  5 toadstools (D:1)
5 creatures vanquished.

Grand Total: 131 creatures vanquished

Notes
Turn   | Place    | Note
-------+----------+-------------------------------------------
     0 | D:1      | funnyparkerb the Merfolk Gladiator began the quest for the
                  | Orb.
     0 | D:1      | Reached XP level 1. HP: 16/16 MP: 1/1
    41 | D:1      | Reached skill level 4 in Long Blades
   350 | D:1      | Reached XP level 2. HP: 22/22 MP: 2/2
   354 | D:1      | Found a faded altar of an unknown god.
   710 | D:1      | Reached skill level 5 in Long Blades
   710 | D:1      | Reached XP level 3. HP: 27/27 MP: 3/3
  1847 | D:2      | Found a shadowy altar of Dithmenos.
  2079 | D:3      | Reached XP level 4. HP: 29/29 MP: 4/4
  2084 | D:3      | You fall into a shaft and drop 2 floors!
  2084 | D:5      | Entered Level 5 of the Dungeon
  2091 | D:5      | Noticed an ice beast
  2117 | D:4      | Noticed a black bear
  2187 | D:4      | Reached skill level 6 in Long Blades
  2189 | D:4      | Killed a black bear
  2190 | D:4      | Reached skill level 7 in Long Blades
  2190 | D:4      | Reached XP level 5. HP: 18/38 MP: 5/5
  2766 | D:3      | Found a runed translucent door.
  2767 | D:3      | Noticed Crazy Yiuf
  2908 | D:3      | Noticed Sigmund
  2914 | D:3      | Killed Sigmund
  2915 | D:3      | Reached skill level 8 in Long Blades
  2915 | D:3      | Reached XP level 6. HP: 46/46 MP: 6/6
  3254 | D:3      | Reached XP level 7. HP: 52/52 MP: 7/7
  3258 | D:3      | Reached skill level 5 in Dodging
  3573 | D:3      | Killed Crazy Yiuf
  4029 | D:4      | Found a staircase to the Ecumenical Temple.
  4035 | Temple   | Entered the Ecumenical Temple
  4245 | Temple   | Became a worshipper of Warmaster Okawaru
  4794 | D:5      | Reached skill level 9 in Long Blades
  4797 | D:5      | Reached XP level 8. HP: 53/61 MP: 8/8
  4862 | D:5      | Noticed a two-headed ogre
  4879 | D:5      | Killed a two-headed ogre
  4879 | D:5      | Reached * piety under Okawaru
  4879 | D:5      | Reached ** piety under Okawaru
  4880 | D:5      | Reached skill level 5 in Fighting
  4880 | D:5      | Reached skill level 10 in Long Blades
  5109 | D:5      | Reached XP level 9. HP: 70/70 MP: 9/9
  5257 | D:5      | Found Jaggicen's Distillery.
  5271 | D:5      | Bought a potion of curing for 33 gold pieces
  5271 | D:5      | Bought a potion of curing for 33 gold pieces
  5271 | D:5      | Bought a potion of might for 44 gold pieces
  5353 | D:6      | Reached *** piety under Okawaru
  5419 | D:6      | Reached skill level 1 in Invocations
  5615 | D:6      | Noticed a +0 hand axe
  5621 | D:6      | Noticed a +0 dagger
  5653 | D:6      | Reached skill level 1 in Armour
  5722 | D:6      | Noticed a troll
  5730 | D:6      | Killed a troll
  5794 | D:6      | Found a hide-covered altar of Uskayaw.
  6424 | D:7      | Reached skill level 11 in Long Blades
  6531 | D:7      | Noticed a boulder beetle
  6552 | D:7      | Demolished by a boulder beetle

Illustrated notes

Levels and vault maps discovered:
D:1:      ldierk_walled_garden, layout_loops_cross,
          chequers_ecumenical_altar_simple_redux, chequers_big_river
D:2:      layout_loops_cross, basic_altar
D:3:      layout_basic, roderic_roman_lattice, uniq_sigmund,
          uniq_crazy_yiuf_cottage
D:4:      layout_basic, minmay_temple_entry_fiery
D:5:      layout_rooms, serial_shops, shop, lightli_sewer_entry_pipes,
          serial_curves, eino_curves_02, eino_curves_02
D:6:      layout_cave_pools, dancing_weapons_uskayaw, minivault_19
D:7:      layout_basic, abandoned_shop, minmay_three_doors, uniq_duvessa
Temple:   mainiacjoe_temple_trianglar_array

Skill      XL: |  1  2  3  4  5  6  7  8  9 |
---------------+----------------------------+-----
Long Blades    | 4 5 7 8 9 10 11 | 11.0
Fighting       | 3 4 6 7 |  7.2
Dodging        | 6 8 9 |  9.2
Invocations    | 2 |  2.5
Armour         | 1 |  1.8
Throwing       | |  2.0

Action                   |  1- 3 |  4- 6 |  7- 9 || total
-------------------------+-------+-------+-------++-------
Melee: Long sword        |    98 |    58 |   247 ||   403
       Punch             |       |     3 |     4 ||     7
Throw: Throwing net      |       |       |     3 ||     3
       Javelin           |       |       |     4 ||     4
Invok: Heroism           |       |       |     1 ||     1
Evoke: Wand              |       |     8 |     5 ||    13
  Use: Scroll            |       |       |     5 ||     5
       Potion            |       |       |     2 ||     2
 Stab: Sleeping          |     3 |       |       ||     3
       Held in net/web   |       |       |     2 ||     2
Armor: Leather armour    |    24 |       |       ||    24
       Scale mail        |     6 |    51 |    77 ||   134
Dodge: Dodged            |    72 |    52 |   132 ||   256
